TOP OF THE 1ST |
---|
West Virginia Mountaineers batting - Pitching for Vanderbilt Commodores : LHP Robbie Troxler | Pitching: LHP Robbie Troxler | | Batting: RHB Víctor León | 0-0: Called Strike 0-1: Ball 1-1: Foul Ball, location: 2F 1-2: Ball 2-2: Ball 3-2: SINGLE (Flyball, 7S) | Batting: LHB Juan Garza | 0-0: Ball Víctor León steals 2nd base 1-0: Ball 2-0: Ball 3-0: Called Strike 3-1: Foul Ball, location: 2F 3-2: Base on Balls | Batting: RHB David Randall | 0-0: Ball 1-0: Ball 2-0: Ball 3-0: Base on Balls Víctor León to third Juan Garza to second | Batting: LHB Jeremy Howard | 0-0: Foul Ball, location: 2F 0-1: Ball 1-1: Swinging Strike 1-2: Ball 2-2: Fielders Choice at 2nd, 3-6 (Groundball, 3) Víctor León scores Juan Garza to third | Batting: SHB Darrel Harris | 0-0: Called Strike 0-1: Ball 1-1: Called Strike 1-2: Ball 2-2: Reached on error, E7 (Flyball, 7S) Juan Garza scores Jeremy Howard to second | Batting: LHB José Galindo | 0-0: Foul Ball, location: 2F 0-1: Ball 1-1: Swinging Strike 1-2: 3-RUN HOME RUN (Flyball, 89XD), Distance : 364 ft | Batting: RHB Jeffrey Dunbar | 0-0: Foul Ball, location: 2F 0-1: Called Strike 0-2: SINGLE (Line Drive, 3) | Batting: RHB Chris Smith | 0-0: Foul Ball, location: 2F 0-1: Ball 1-1: Called Strike 1-2: Strikes out swinging | Batting: SHB George Murphy | 0-0: SINGLE (Groundball, 34) (infield hit) Jeffrey Dunbar to second | Batting: RHB Víctor León | 0-0: Ball 1-0: Called Strike 1-1: Foul Ball, location: 2F 1-2: Foul Ball, location: 2F 1-2: Ball 2-2: Foul Ball, location: 2F 2-2: Ball Wild Pitch! Jeffrey Dunbar to third George Murphy to second 3-2: Foul Ball, location: 2F 3-2: Foul Ball, location: 2F 3-2: Base on Balls | Batting: LHB Juan Garza | 0-0: Ball 1-0: Ball 2-0: Called Strike 2-1: Ball 3-1: Called Strike 3-2: Base on Balls Jeffrey Dunbar scores George Murphy to third Víctor León to second | Pitching: RHP Chris Harris | | Batting: RHB David Randall | 0-0: Called Strike 0-1: GRAND SLAM HOME RUN (Flyball, 78XD), Distance : 391 ft | Batting: LHB Jeremy Howard | 0-0: Ball 1-0: Foul Ball, location: 2F 1-1: Fly out, F7 (Flyball, 7S) | Top of the 1st over - 10 runs, 5 hits, 1 error, 0 left on base; West Virginia 10 - Vanderbilt 0 | BOTTOM OF THE 1ST |
---|
Vanderbilt Commodores batting - Pitching for West Virginia Mountaineers : RHP William Dixon | Pitching: RHP William Dixon | | Batting: RHB Johnny Becker | 0-0: Called Strike 0-1: Ball 1-1: Called Strike 1-2: Ball 2-2: Strikes out swinging | Batting: LHB Gerald Murphy | 0-0: Foul Ball, location: 2F 0-1: Ball 1-1: Ball 2-1: Foul Ball, location: 2F 2-2: Ball 3-2: Foul Ball, location: 2F 3-2: Strikes out swinging | Batting: RHB Jim Harris | 0-0: Called Strike 0-1: Swinging Strike 0-2: Strikes out looking | Bottom of the 1st over - 0 runs, 0 hits, 0 errors, 0 left on base; West Virginia 10 - Vanderbilt 0 | TOP OF THE 2ND |
---|
West Virginia Mountaineers batting - Pitching for Vanderbilt Commodores : RHP Chris Harris | Batting: SHB Darrel Harris | 0-0: Ball 1-0: Ball 2-0: Reached on error, E3 (Groundball, 34) | Batting: LHB José Galindo | 0-0: Ball 1-0: Ball 2-0: Ball 3-0: Foul Ball, location: 2F 3-1: Called Strike 3-2: Base on Balls Darrel Harris to second | Batting: RHB Jeffrey Dunbar | 0-0: Ball 1-0: Called Strike 1-1: Ball 2-1: Foul Ball, location: 2F 2-2: Foul Ball, location: 2F 2-2: SINGLE (Line Drive, 34) Darrel Harris to third José Galindo to second | Batting: RHB Chris Smith | 0-0: Ball 1-0: SINGLE (Groundball, 6MD) Darrel Harris scores José Galindo to third Jeffrey Dunbar to second Runner from 3rd tries for Home, SAFE, throw made home | Batting: SHB George Murphy | 0-0: Ball 1-0: Swinging Strike 1-1: Fielders Choice at 2nd, 4-6 (Groundball, 4) Jeffrey Dunbar to third | Batting: RHB Víctor León | 0-0: Ball 1-0: Ball George Murphy steals 2nd base 2-0: Reached on error, E5 (Groundball, 56) Jeffrey Dunbar scores George Murphy to third | Batting: LHB Juan Garza | 0-0: Fly out, F5 (Line Drive, 56) | Batting: RHB David Randall | 0-0: Ball 1-0: Ball 2-0: Called Strike 2-1: Foul Ball, location: 2F 2-2: Foul Ball, location: 2F 2-2: Foul Ball, location: 2F 2-2: Strikes out swinging | Top of the 2nd over - 3 runs, 2 hits, 2 errors, 2 left on base; West Virginia 13 - Vanderbilt 0 | BOTTOM OF THE 2ND |
---|
Vanderbilt Commodores batting - Pitching for West Virginia Mountaineers : RHP William Dixon | Batting: LHB Luis Miguel Martínez | 0-0: Foul Ball, location: 2F 0-1: SINGLE (Flyball, 8LM) | Batting: RHB Ron Scott | 0-0: Ball 1-0: Called Strike 1-1: Called Strike 1-2: Ball 2-2: Strikes out swinging | Batting: RHB Sergio Gómez | 0-0: Foul Ball, location: 2F 0-1: Foul Ball, location: 2F 0-2: Ball 1-2: Ball 2-2: Ball 3-2: Base on Balls Luis Miguel Martínez to second | Batting: RHB Tom Jones | 0-0: Ball 1-0: Foul Ball, location: 2F 1-1: Swinging Strike 1-2: Ball 2-2: Strikes out looking | Batting: RHB Roland Murphy | 0-0: Called Strike 0-1: Foul Ball, location: 2F 0-2: Strikes out swinging | Bottom of the 2nd over - 0 runs, 1 hit, 0 errors, 2 left on base; West Virginia 13 - Vanderbilt 0 | TOP OF THE 3RD |
---|
West Virginia Mountaineers batting - Pitching for Vanderbilt Commodores : RHP Chris Harris | Batting: LHB Jeremy Howard | 0-0: Called Strike 0-1: Foul Ball, location: 2F 0-2: Ball 1-2: Foul Ball, location: 2F 1-2: Foul Ball, location: 2F 1-2: Ground out 3-1 (Groundball, 23) | Batting: SHB Darrel Harris | 0-0: Foul Ball, location: 2F 0-1: Foul Ball, location: 2F 0-2: Fly out, F9 (Flyball, 89M) | Batting: LHB José Galindo | 0-0: Swinging Strike 0-1: Swinging Strike 0-2: Ball 1-2: Fly out, F8 (Line Drive, 8RM) | Top of the 3rd over - 0 runs, 0 hits, 0 errors, 0 left on base; West Virginia 13 - Vanderbilt 0 | BOTTOM OF THE 3RD |
---|
Vanderbilt Commodores batting - Pitching for West Virginia Mountaineers : RHP William Dixon | Batting: RHB Xavier Pérez | 0-0: Ball 1-0: Ball 2-0: Foul Ball, location: 2F 2-1: Reached on error, E3 (Flyball, 34D) | Batting: RHB Johnny Becker | 0-0: Called Strike 0-1: Ground out 2-3 (Groundball, 15S) Xavier Pérez to second | Batting: LHB Gerald Murphy | 0-0: Ball 1-0: Ball 2-0: Ball 3-0: Foul Ball, location: 2F 3-1: Swinging Strike 3-2: Foul Ball, location: 2F 3-2: Foul Ball, location: 2F 3-2: Foul Ball, location: 2F 3-2: Fly out, F7 (Flyball, 78S) | Batting: RHB Jim Harris | 0-0: Ball 1-0: Ball 2-0: Ball 3-0: Foul Ball, location: 2F 3-1: Base on Balls | Batting: LHB Luis Miguel Martínez | 0-0: Ground out 4-3 (Groundball, 4M) | Bottom of the 3rd over - 0 runs, 0 hits, 1 error, 2 left on base; West Virginia 13 - Vanderbilt 0 | TOP OF THE 4TH |
---|
West Virginia Mountaineers batting - Pitching for Vanderbilt Commodores : RHP Chris Harris | Batting: RHB Jeffrey Dunbar | 0-0: Ball 1-0: Reached on error, E4 (Groundball, 4M) | Batting: RHB Chris Smith | 0-0: Ball 1-0: Called Strike 1-1: Foul Ball, location: 2F 1-2: Strikes out swinging | Batting: SHB George Murphy | 0-0: Called Strike 0-1: Swinging Strike 0-2: Ball 1-2: Foul Ball, location: 2F 1-2: Strikes out swinging | Batting: RHB Víctor León | 0-0: Called Strike 0-1: Ball 1-1: Ground out U3 (Groundball, 3S) | Top of the 4th over - 0 runs, 0 hits, 1 error, 1 left on base; West Virginia 13 - Vanderbilt 0 | BOTTOM OF THE 4TH |
---|
Vanderbilt Commodores batting - Pitching for West Virginia Mountaineers : RHP William Dixon | Batting: RHB Ron Scott | 0-0: Ball 1-0: Ball 2-0: Called Strike 2-1: Ground out 6-3 (Groundball, 6) | Batting: RHB Sergio Gómez | 0-0: Ball 1-0: Ball 2-0: Foul Ball, location: 2F 2-1: Foul Ball, location: 2F 2-2: Ground out 4-3 (Groundball, 34) | Batting: RHB Tom Jones | 0-0: Ground out 4-3 (Groundball, 4M) | Bottom of the 4th over - 0 runs, 0 hits, 0 errors, 0 left on base; West Virginia 13 - Vanderbilt 0 | TOP OF THE 5TH |
---|
West Virginia Mountaineers batting - Pitching for Vanderbilt Commodores : RHP Chris Harris | Batting: LHB Juan Garza | 0-0: Swinging Strike 0-1: Ball 1-1: Foul Ball, location: 2F 1-2: Foul Ball, location: 2F 1-2: Ball 2-2: Strikes out swinging | Pitching: LHP Charlie Harrell | | Batting: RHB David Randall | 0-0: Called Strike 0-1: Foul Ball, location: 2F 0-2: Foul Ball, location: 2F 0-2: Ball 1-2: Foul Ball, location: 2F 1-2: Strikes out looking | Batting: LHB Jeremy Howard | 0-0: Called Strike 0-1: Ball 1-1: Ball 2-1: Called Strike 2-2: Foul Ball, location: 2F 2-2: Ball 3-2: Foul Ball, location: 2F 3-2: Foul Ball, location: 2F 3-2: Strikes out swinging | Top of the 5th over - 0 runs, 0 hits, 0 errors, 0 left on base; West Virginia 13 - Vanderbilt 0 | BOTTOM OF THE 5TH |
---|
Vanderbilt Commodores batting - Pitching for West Virginia Mountaineers : RHP William Dixon | Batting: RHB Roland Murphy | 0-0: Swinging Strike 0-1: Foul Ball, location: 2F 0-2: Ball 1-2: Ground out 6-3 (Groundball, 6) | Batting: RHB Xavier Pérez | 0-0: Foul Ball, location: 2F 0-1: Ball 1-1: Foul Ball, location: 2F 1-2: Foul Ball, location: 2F 1-2: Ball 2-2: Strikes out swinging | Batting: RHB Johnny Becker | 0-0: Fly out, F7 (Flyball, 78D) | Bottom of the 5th over - 0 runs, 0 hits, 0 errors, 0 left on base; West Virginia 13 - Vanderbilt 0 | TOP OF THE 6TH |
---|
West Virginia Mountaineers batting - Pitching for Vanderbilt Commodores : LHP Charlie Harrell | Batting: SHB Darrel Harris | 0-0: Swinging Strike 0-1: Ball 1-1: Called Strike 1-2: Ball 2-2: Foul Ball, location: 2F 2-2: Strikes out swinging | Batting: LHB José Galindo | 0-0: Foul Ball, location: 2F 0-1: Ball 1-1: Ball 2-1: Foul Ball, location: 2F 2-2: Ground out 4-3 (Groundball, 4MD) | Batting: RHB Jeffrey Dunbar | 0-0: Ball 1-0: Foul Ball, location: 2F 1-1: SINGLE (Line Drive, 4D) | Batting: RHB Chris Smith | 0-0: Ball 1-0: Ball 2-0: SINGLE (Flyball, 89S) Jeffrey Dunbar to second Runner from 2nd tries for 3rd, SAFE, throw made to third | Batting: SHB George Murphy | 0-0: Called Strike 0-1: Ball 1-1: Ball 2-1: Ball 3-1: Base on Balls Chris Smith to second | Batting: RHB Víctor León | 0-0: Called Strike 0-1: Foul Ball, location: 2F 0-2: Ball 1-2: Ball 2-2: Strikes out swinging | Top of the 6th over - 0 runs, 2 hits, 0 errors, 3 left on base; West Virginia 13 - Vanderbilt 0 | BOTTOM OF THE 6TH |
---|
Vanderbilt Commodores batting - Pitching for West Virginia Mountaineers : RHP William Dixon | Batting: LHB Gerald Murphy | 0-0: Ground out 6-3 (Groundball, 6) | Batting: RHB Jim Harris | 0-0: Called Strike 0-1: Swinging Strike 0-2: Ball 1-2: Ground out 6-3 (Groundball, 6) | Batting: LHB Luis Miguel Martínez | 0-0: Ball 1-0: Ball 2-0: Ball 3-0: Base on Balls | Pitching: RHP James Smith | | Batting: RHB Ron Scott | 0-0: Foul Ball, location: 2F 0-1: Ball 1-1: Fly out, F8 (Flyball, 8LXD) | Bottom of the 6th over - 0 runs, 0 hits, 0 errors, 1 left on base; West Virginia 13 - Vanderbilt 0 | TOP OF THE 7TH |
---|
West Virginia Mountaineers batting - Pitching for Vanderbilt Commodores : LHP Charlie Harrell | Batting: LHB Juan Garza | 0-0: Ball 1-0: Called Strike 1-1: Ball 2-1: Fly out, F5 (Popup, 56S) | Batting: RHB David Randall | 0-0: Ball 1-0: Foul Ball, location: 2F 1-1: Foul Ball, location: 2F 1-2: Hit by Pitch | Pitching: RHP Gong-sun Wan | | Batting: LHB Jeremy Howard | 0-0: Ball 1-0: Ball 2-0: Ball 3-0: Called Strike 3-1: Base on Balls David Randall to second | Batting: SHB Darrel Harris | 0-0: Ball 1-0: Swinging Strike 1-1: Ball 2-1: Swinging Strike 2-2: Foul Ball, location: 2F 2-2: Strikes out swinging | Batting: LHB José Galindo | 0-0: Foul Ball, location: 2F 0-1: Foul Ball, location: 2F 0-2: Ball 1-2: Fly out, F4 (Line Drive, 4) | Top of the 7th over - 0 runs, 0 hits, 0 errors, 2 left on base; West Virginia 13 - Vanderbilt 0 | BOTTOM OF THE 7TH |
---|
Vanderbilt Commodores batting - Pitching for West Virginia Mountaineers : RHP James Smith | Batting: RHB Sergio Gómez | 0-0: Called Strike 0-1: Foul Ball, location: 2F 0-2: Ball 1-2: Ball 2-2: Fly out, F6 (Popup, 6MD) | Batting: RHB Tom Jones | 0-0: Ball 1-0: Ball 2-0: Ball 3-0: Base on Balls | Batting: RHB Roland Murphy | 0-0: Ball 1-0: Called Strike 1-1: Ball 2-1: Ball Wild Pitch! Tom Jones to second 3-1: Base on Balls | Batting: RHB Xavier Pérez | 0-0: Fielders Choice at 2nd, 4-6 (Groundball, 4) Tom Jones to third | Batting: RHB Johnny Becker | 0-0: Called Strike 0-1: Ball 1-1: Fielders Choice at 2nd, 6-4 (Groundball, 6) | Bottom of the 7th over - 0 runs, 0 hits, 0 errors, 2 left on base; West Virginia 13 - Vanderbilt 0 | TOP OF THE 8TH |
---|
West Virginia Mountaineers batting - Pitching for Vanderbilt Commodores : RHP Gong-sun Wan | Batting: RHB Jeffrey Dunbar | 0-0: Ball 1-0: Called Strike 1-1: SINGLE (Line Drive, 6) | Batting: RHB Chris Smith | 0-0: Swinging Strike 0-1: Ball 1-1: Ball 2-1: Swinging Strike 2-2: Strikes out swinging | Batting: SHB George Murphy | 0-0: Ball 1-0: Called Strike 1-1: Foul Ball, location: 2F 1-2: Ball 2-2: Strikes out swinging | Batting: RHB Víctor León | 0-0: Called Strike 0-1: Foul Ball, location: 2F 0-2: Ball 1-2: Ball 2-2: Fielders Choice at 2nd, 6-4 (Groundball, 6) | Top of the 8th over - 0 runs, 1 hit, 0 errors, 1 left on base; West Virginia 13 - Vanderbilt 0 | BOTTOM OF THE 8TH |
---|
Vanderbilt Commodores batting - Pitching for West Virginia Mountaineers : RHP James Smith | Batting: LHB Gerald Murphy | 0-0: Called Strike 0-1: Foul Ball, location: 2F 0-2: Ground out 4-3 (Groundball, 4) | Batting: RHB Jim Harris | 0-0: Ball 1-0: Ball 2-0: Fly out, F7 (Line Drive, 78D) | Batting: LHB Luis Miguel Martínez | 0-0: Called Strike 0-1: Swinging Strike 0-2: Ball 1-2: Reached on error, E3 (Groundball, 3) | Batting: RHB Ron Scott | 0-0: Fly out, F1 (Line Drive, 15) | Bottom of the 8th over - 0 runs, 0 hits, 1 error, 1 left on base; West Virginia 13 - Vanderbilt 0 | TOP OF THE 9TH |
---|
West Virginia Mountaineers batting - Pitching for Vanderbilt Commodores : RHP Gong-sun Wan | Pitching: RHP José Ferreira | | Batting: LHB Juan Garza | 0-0: Ball 1-0: Ball 2-0: Foul Ball, location: 2F 2-1: Ball 3-1: Called Strike 3-2: Foul Ball, location: 2F 3-2: Foul Ball, location: 2F 3-2: Base on Balls | Batting: RHB David Randall | 0-0: Foul Ball, location: 2F 0-1: Swinging Strike 0-2: Ball 1-2: Strikes out swinging | Batting: LHB Jeremy Howard | 0-0: Called Strike 0-1: Foul Ball, location: 2F 0-2: Foul Ball, location: 2F 0-2: Ball 1-2: Ball 2-2: Ball 3-2: Single, Error in OF, E9, batter to second base Juan Garza to third | Batting: SHB Darrel Harris | 0-0: Swinging Strike 0-1: Ball 1-1: Foul Ball, location: 2F 1-2: Strikes out swinging | Batting: LHB José Galindo | 0-0: Ball 1-0: Ball 2-0: Ball 3-0: Called Strike 3-1: Base on Balls | Batting: RHB Jeffrey Dunbar | 0-0: Ball 1-0: Swinging Strike 1-1: Foul Ball, location: 2F 1-2: Ball 2-2: Strikes out swinging | Top of the 9th over - 0 runs, 1 hit, 1 error, 3 left on base; West Virginia 13 - Vanderbilt 0 | BOTTOM OF THE 9TH |
---|
Vanderbilt Commodores batting - Pitching for West Virginia Mountaineers : RHP James Smith | Batting: RHB Sergio Gómez | 0-0: Foul Ball, location: 2F 0-1: Swinging Strike 0-2: Ball 1-2: Foul Ball, location: 2F 1-2: Ball 2-2: Strikes out swinging | Batting: RHB Tom Jones | 0-0: Called Strike 0-1: Called Strike 0-2: Hit by Pitch | Batting: RHB Roland Murphy | 0-0: Called Strike 0-1: Swinging Strike 0-2: Strikes out swinging | Batting: RHB Xavier Pérez | 0-0: Ball 1-0: Called Strike 1-1: Foul Ball, location: 2F 1-2: Fly out, F9 (Flyball, 9LM) | Bottom of the 9th over - 0 runs, 0 hits, 0 errors, 1 left on base; West Virginia 13 - Vanderbilt 0 | |